Match 47371113
Unlisted

Match 47371113
End
Engineer Squad
Construct Barracks
Selects Armored Battlegroup
Selects Veteran Crews
Riflemen Squad
Riflemen Squad
.30 cal Machine Gun
M1 Mortar Team
Construct Medical Station
Mechanized Support Center
Construct Motor Pool
M8 Greyhound Armored Car
Selects Fast Deploy
Selects M31 Recovery Vehicle
Designate Forward Repair Station
M8 Greyhound Armored Car
Riflemen Squad
Riflemen Squad
Designate Forward Repair Station
Selects War Machine
M3 75 mm Gun Motor Carriage
M3 75 mm Gun Motor Carriage
Improvised Armor
M3 75 mm Gun Motor Carriage
M31 Recovery Vehicle
AI Takeover
278283
Hansizzle
g3org391
sqrt
gülen
kerem
elfen
카츄사
0
0

Comments sign in to comment!

No comments posted yet!